AoeStats
← MoltoBenny

Lombardia

508771894Analyzed
4v4 RM · 9d ago on Sep 24, 2026· 56m 3s· 8 players
Game mode
Random Map
Map size
Large (8 player)
Population
200
Speed
Normal
Resources
Standard
Victory
Conquest
Starting age
Dark Age
Ending age
Imperial Age
RankedLock teamsTeams togetherTeam positionsShared explorationLock speedFull tech treeHidden civsTurbo modeCheats
Victory
Defeat
🇺🇸 Saxons · United States
1078
+10
🇺🇸 Bulgarians · United States
990
+13
🇺🇸 Persians · United States
974
+14
🇺🇸 Vietnamese · United States
773
+21
🇦🇺 Teutons · Australia
933
-15
🇵🇱 Mongols · Poland
929
-15
🇺🇸 Varangians · United States
916
-14
🇨🇦 Italians · Canada
906
-14
UnleashHeck
1:14 Loom
12:41 Feudal Age
13:15 Double-Bit Axe
15:06 Bloodlines
17:23 Horse Collar
18:24 Forging
22:45 Castle Age
21:18 Scale Barding Armor
22:01 Stone Mining
22:06 Gold Mining
23:34 Husbandry
24:12 Bow Saw
24:57 Iron Casting
24:32 Heavy Plow
27:06 Caravan
29:52 Wheelbarrow
30:11 Chain Barding Armor
30:52 Hand Cart
37:21 Imperial Age
35:56 Vendel Legacy
37:27 Cavalier
38:39 Conscription
39:08 Light Cavalry
41:23 Hussar
42:44 Plate Barding Armor
52:52 Crop Rotation
53:33 Blast Furnace
Broseidon
11:43 Feudal Age
10:55 Loom
14:04 Double-Bit Axe
19:45 Castle Age
17:50 Fletching
20:26 Bodkin Arrow
21:53 Gold Mining
25:39 Silk Road
27:23 Caravan
30:36 Fortified Wall
30:14 Horse Collar
34:03 Imperial Age
32:33 Ballistics
35:56 Chemistry
35:55 Conscription
36:42 Elite Genoese Crossbowman
40:03 Bracer
40:03 Padded Archer Armor
42:07 Thumb Ring
42:19 Leather Archer Armor
44:40 Pirotechnia
44:04 Elite Skirmisher
51:31 Ring Archer Armor
_fizyk
7:52 Loom
11:15 Feudal Age
11:42 Horse Collar
12:12 Double-Bit Axe
21:44 Castle Age
22:35 Wheelbarrow
22:51 Bow Saw
24:05 Bloodlines
23:55 Husbandry
27:05 Fletching
27:15 Padded Archer Armor
27:52 Thumb Ring
31:36 Imperial Age
34:18 Stone Mining
34:19 Gold Mining
36:28 Bodkin Arrow
36:49 Leather Archer Armor
43:51 Hand Cart
48:29 Ballistics
48:20 Masonry
52:22 Chemistry
51:15 Guard Tower
51:35 Fortified Wall
52:11 Caravan
55:33 Parthian Tactics
Aquillo
13:11 Feudal Age
11:29 Loom
18:42 Castle Age
17:17 Double-Bit Axe
17:16 Horse Collar
19:52 Stone Mining
20:40 Wheelbarrow
20:28 Forging
21:04 Fletching
22:56 Town Watch
23:53 Gold Mining
25:54 Heavy Plow
26:08 Bow Saw
26:44 Hand Cart
27:40 Caravan
28:05 Bloodlines
28:45 Fervor
28:30 Pikeman
29:36 Squires
30:18 Iron Casting
29:43 Scale Mail Armor
34:07 Imperial Age
32:38 Bodkin Arrow
34:14 Arson
34:44 Elite Teutonic Knight
36:52 Crenellations
36:56 Ballistics
36:45 Town Patrol
36:21 Halberdier
37:49 Conscription
38:13 Fortified Wall
39:49 Hoardings
41:06 Chemistry
43:12 Blast Furnace
42:28 Chain Mail Armor
44:59 Two-Man Saw
44:33 Crop Rotation
45:53 Plate Mail Armor
46:47 Ironclad
46:59 Gambesons
47:34 Scale Barding Armor
49:00 Siege Engineers
49:06 Masonry
53:38 Capped Ram
56:40 Chain Barding Armor
56:21 Padded Archer Armor
55:44 Elite Skirmisher
MoltoBenny
0:45 Loom
10:02 Feudal Age
8:43 Loom
11:19 Wheelbarrow
10:34 Double-Bit Axe
12:39 Gold Mining
14:47 Bloodlines
21:39 Castle Age
20:21 Scale Barding Armor
21:16 Forging
21:24 Stone Mining
22:25 Husbandry
24:19 Chain Barding Armor
24:41 Iron Casting
24:47 Bow Saw
26:28 Hand Cart
27:21 Gold Shaft Mining
30:41 Stone Shaft Mining
36:15 Squires
38:58 Imperial Age
36:14 Town Watch
36:24 Horse Collar
37:35 Town Patrol
37:51 Fletching
38:03 Murder Holes
39:09 Bodkin Arrow
38:45 Heavy Camel Rider
40:12 Plate Barding Armor
40:47 Blast Furnace
40:47 Heavy Plow
41:57 Conscription
42:59 Light Cavalry
44:01 Hussar
46:23 Two-Man Saw
49:43 Cavalier
50:45 Caravan
krockgreen
7:44 Loom
9:52 Feudal Age
10:28 Double-Bit Axe
11:18 Horse Collar
13:52 Wheelbarrow
15:27 Gold Mining
18:27 Fletching
19:38 Padded Archer Armor
21:57 Castle Age
22:04 Crossbowman
23:32 Hand Cart
23:44 Bodkin Arrow
24:23 Bow Saw
24:48 Elite Skirmisher
26:26 Leather Archer Armor
27:36 Thumb Ring
30:41 Ballistics
30:26 Heavy Plow
30:23 Stone Mining
36:02 Imperial Age
33:35 Town Watch
36:07 Imperial Skirmisher
36:09 Arbalester
36:15 Arbalester
38:26 Chemistry
37:28 Bracer
40:04 Ring Archer Armor
42:24 Paper Money
LactoseTolerant
10:31 Feudal Age
8:46 Loom
13:01 Man-at-Arms
13:47 Scale Mail Armor
13:58 Forging
14:09 Double-Bit Axe
19:16 Castle Age
17:40 Horse Collar
18:24 Fletching
19:54 Wheelbarrow
21:07 Iron Casting
20:36 Squires
20:21 Gambesons
20:47 Gold Mining
21:54 Chain Mail Armor
23:39 Bow Saw
23:35 Heavy Plow
23:28 Stone Mining
28:19 Pikeman
31:27 Bodkin Arrow
32:03 Caravan
35:53 Imperial Age
34:42 Ballistics
35:15 Arson
35:59 Elite Varangian Guard
37:29 Siege Engineers
38:26 Chemistry
42:23 Plate Mail Armor
44:01 Shield Wall
46:09 Heavy Scorpion
elf
4:01 Loom
4:29 Loom
4:47 Loom
5:08 Loom
5:28 Loom
6:05 Loom
6:34 Loom
6:58 Loom
11:01 Feudal Age
10:48 Loom
11:41 Double-Bit Axe
14:10 Wheelbarrow
14:19 Horse Collar
16:45 Forging
16:36 Scale Mail Armor
20:15 Castle Age
19:19 Arson
22:47 Hand Cart
22:19 Town Watch
22:39 Gold Mining
22:48 Gambesons
23:04 Squires
24:26 Heavy Plow
27:08 Iron Casting
26:49 Chain Mail Armor
25:58 Pikeman
27:54 Town Patrol
30:09 Bow Saw
29:52 Fletching
36:05 Imperial Age
34:33 Masonry
34:18 Murder Holes
34:44 Ballistics
37:02 Bagains
37:46 Architecture
40:06 Chemistry
40:09 Blast Furnace
39:40 Plate Mail Armor
44:57 Stirrups
45:23 Conscription
47:25 Elite Konnik
48:43 Halberdier
53:05 Redemption
Connection lost

Rejoining the realm…

Still unreachable

The connection could not be restored.

Session expired

The server has moved on; the page needs a fresh start.